AoeStats
← I hate antichrist

Black Forest

510044947Analyzed
4v4 RM · 4d ago on Sep 29, 2026· 36m 22s· 8 players
Game mode
Random Map
Map size
Large (8 player)
Population
200
Speed
Normal
Resources
Standard
Victory
Conquest
Starting age
Dark Age
Ending age
Imperial Age
RankedLock teamsTeams togetherTeam positionsShared explorationLock speedFull tech treeHidden civsTurbo modeCheats
Victory
Defeat
🇹🇼 Bohemians · Taiwan
1525
+11
🇹🇼 Italians · Taiwan
1490
+12
🇨🇳 Britons · China
1449
+14
🇦🇷 Burgundians · Argentina
1317
+18
🇹🇷 Danes · Türkiye
1417
-15
🇨🇳 Franks · China
1409
-14
🇦🇺 Cumans · Australia
1409
-14
🇦🇺 Romans · Australia
1350
-12
红黑EX
11:34 Feudal Age
15:25 Castle Age
13:53 Double-Bit Axe
14:56 Wheelbarrow
16:37 Bow Saw
23:21 Hand Cart
23:01 Loom
26:56 Husbandry
27:25 Gold Mining
27:55 Scale Barding Armor
28:00 Forging
I hate antichrist
6:40 Loom
9:21 Feudal Age
9:48 Double-Bit Axe
22:56 Wheelbarrow
24:06 Horse Collar
26:42 Castle Age
27:58 Hand Cart
27:57 Bow Saw
28:21 Hand Cart
29:33 Gold Mining
30:52 Heavy Plow
i say daddy is home
11:08 Feudal Age
11:12 Man-at-Arms
12:28 Scale Mail Armor
12:58 Loom
15:12 Forging
24:42 Castle Age
24:05 Double-Bit Axe
26:34 Bow Saw
MinorCloud9519
0:48 Loom
10:55 Feudal Age
12:38 Double-Bit Axe
16:35 Castle Age
14:59 Fishing Lines
15:44 Town Watch
16:01 Stone Mining
17:34 Bow Saw
17:31 Gillnets
20:00 Fletching
24:18 Gold Mining
freedom is not free
6:30 Loom
9:06 Feudal Age
10:03 Double-Bit Axe
10:02 Horse Collar
11:06 Wheelbarrow
12:36 Man-at-Arms
31:38 Town Watch
绿油精点眼睛
12:23 Feudal Age
13:44 Double-Bit Axe
16:09 Castle Age
20:43 Imperial Age
20:57 Chemistry
20:08 Fishing Lines
22:35 Fervor
24:59 Bow Saw
31:23 Horse Collar
33:06 Two-Man Saw
33:04 Heavy Plow
35:38 Wheelbarrow
34:48 Loom
34:49 Town Watch
35:34 Wagenburg Tactics
35:50 Conscription
35:06 Spies/Treason
36:12 Conscription
快樂 543
0:33 Loom
12:00 Feudal Age
16:23 Castle Age
15:12 Double-Bit Axe
15:50 Horse Collar
19:49 Fletching
20:50 Padded Archer Armor
21:36 Town Watch
22:50 Bodkin Arrow
24:44 Ballistics
27:37 Leather Archer Armor
32:00 Wheelbarrow
31:19 Gold Mining
32:26 Wheelbarrow
32:31 Bow Saw
36:43 Imperial Age
34:38 Stone Mining
MatRm10
3:29 Loom
10:48 Feudal Age
13:10 Double-Bit Axe
18:24 Castle Age
17:39 Horse Collar
18:23 Gold Mining
20:03 Gold Shaft Mining
20:38 Fletching
28:34 Redemption
36:27 Imperial Age
34:35 Wheelbarrow
33:46 Town Watch
35:41 Scale Barding Armor
36:15 Burgundian Vineyards
36:15 Stone Mining
36:44 Hand Cart
36:36 Husbandry
35:56 Cavalier
36:48 Forging
Connection lost

Rejoining the realm…

Still unreachable

The connection could not be restored.

Session expired

The server has moved on; the page needs a fresh start.